AoeStats
← ZamSerg

African Clearing

505976907Analyzed
4v4 RM · 21d ago on Sep 11, 2026· 67m 32s· 8 players
Game mode
Random Map
Map size
Large (8 player)
Population
200
Speed
Normal
Resources
Standard
Victory
Conquest
Starting age
Dark Age
Ending age
Imperial Age
RankedLock teamsTeams togetherTeam positionsShared explorationLock speedFull tech treeHidden civsTurbo modeCheats
Victory
Defeat
🇨🇴 Bohemians · Colombia
1178
+15
🇦🇷 Hindustanis · Argentina
1135
+17
🇨🇦 Mongols · Canada
1110
+18
🇦🇷 Cumans · Argentina
1090
+19
🇷🇺 Magyars · Russia
1200
-19
🇦🇺 Japanese · Australia
1193
-19
🇩🇪 Huns · Germany
1150
-17
🇮🇹 Vietnamese · Italy
1066
-14
Lumi.S
15:04 Feudal Age
18:55 Castle Age
17:21 Double-Bit Axe
17:20 Horse Collar
21:36 Bow Saw
28:46 Fletching
30:48 Wheelbarrow
32:03 Thumb Ring
32:09 Bloodlines
35:20 Loom
36:19 Ballistics
35:58 Bodkin Arrow
36:04 Padded Archer Armor
36:41 Gold Mining
37:54 Leather Archer Armor
41:30 Imperial Age
39:27 Scale Barding Armor
39:27 Husbandry
41:36 Gold Shaft Mining
41:20 Hand Cart
42:50 Heavy Plow
43:52 Chemistry
44:28 Conscription
44:10 Elite Mangudai
45:40 Bracer
46:05 Light Cavalry
47:10 Chain Barding Armor
47:00 Forging
49:46 Siege Engineers
50:12 Hussar
53:37 Nomads
55:15 Capped Ram
56:14 Siege Ram
58:31 Drill
66:27 Iron Casting
Sebastian
4:02 Loom
14:25 Feudal Age
19:56 Forging
22:21 Castle Age
20:32 Double-Bit Axe
24:03 Bow Saw
25:13 Bloodlines
25:03 Husbandry
27:27 Scale Barding Armor
29:02 Wheelbarrow
37:11 Grand Trunk Road
41:40 Imperial Age
40:09 Iron Casting
40:47 Chain Barding Armor
41:50 Husbandry
42:36 Hand Cart
42:06 Town Watch
41:48 Heavy Camel Rider
43:23 Plate Barding Armor
44:52 Imperial Camel Rider
46:28 Scale Mail Armor
47:29 Blast Furnace
65:18 Two-Man Saw
63:58 Horse Collar
64:23 Town Patrol
66:29 Heavy Plow
Teodoro
10:02 Loom
12:57 Feudal Age
17:33 Castle Age
16:33 Double-Bit Axe
18:46 Bow Saw
21:02 Loom
23:19 Wheelbarrow
27:31 Pikeman
33:20 Horse Collar
40:09 Heavy Plow
61:02 Fervor
64:13 Redemption
65:09 Sanctity
FarmeandoAsado
3:51 Loom
13:10 Feudal Age
19:43 Castle Age
19:04 Double-Bit Axe
23:12 Town Watch
25:11 Bloodlines
26:15 Wheelbarrow
30:41 Bow Saw
31:54 Hand Cart
32:17 Horse Collar
37:09 Imperial Age
35:03 Fletching
35:14 Padded Archer Armor
38:44 Bodkin Arrow
47:38 Pikeman
48:19 Squires
54:20 Conscription
55:57 Elite Kipchak
64:19 Leather Archer Armor
64:11 Scale Barding Armor
65:02 Ballistics
65:42 Chemistry
Jägermeister
7:37 Loom
13:23 Feudal Age
18:14 Castle Age
16:28 Scale Barding Armor
16:45 Double-Bit Axe
17:54 Stone Mining
21:52 Horse Collar
25:55 Husbandry
27:41 Forging
28:39 Squires
28:33 Pikeman
29:18 Scale Mail Armor
33:24 Wheelbarrow
37:04 Bloodlines
37:26 Chain Barding Armor
37:22 Chain Mail Armor
37:31 Bow Saw
37:14 Gold Mining
38:08 Heavy Plow
40:01 Marauders
40:19 Hand Cart
45:27 Town Watch
50:01 Imperial Age
49:29 Iron Casting
48:46 Fletching
50:09 Halberdier
51:52 Blast Furnace
51:28 Plate Barding Armor
50:23 Elite Tarkan
53:40 Conscription
Porkroll
16:40 Feudal Age
22:33 Castle Age
24:12 Wheelbarrow
23:21 Horse Collar
23:33 Gold Mining
23:34 Stone Mining
24:18 Scale Mail Armor
26:48 Double-Bit Axe
28:36 Bow Saw
30:09 Hand Cart
32:46 Heavy Plow
37:15 Imperial Age
35:54 Forging
36:00 Chain Mail Armor
36:35 Guard Tower
38:04 Gold Shaft Mining
37:27 Capped Ram
37:48 Elite Samurai
39:26 Iron Casting
39:49 Heavy Scorpion
42:31 Blast Furnace
42:02 Plate Mail Armor
49:36 Keep
50:02 Chemistry
49:22 Ballistics
48:48 Arrowslits
49:14 Fortified Wall
49:25 Shipwright
49:00 Murder Holes
57:00 Onager
Ottone il Grande
6:50 Loom
15:42 Feudal Age
21:46 Bloodlines
27:30 Castle Age
58:15 Fletching
58:25 Padded Archer Armor
61:05 Imperial Age
61:18 Bodkin Arrow
61:38 Leather Archer Armor
63:34 Elite Rattan Archer
ZamSerg
4:54 Loom
14:44 Feudal Age
15:41 Double-Bit Axe
19:22 Wheelbarrow
24:11 Castle Age
23:37 Scale Barding Armor
24:27 Horse Collar
24:27 Light Cavalry
27:06 Fletching
31:09 Bodkin Arrow
32:56 Town Watch
33:42 Stone Mining
34:43 Gold Mining
40:47 Imperial Age
42:44 Gold Shaft Mining
42:21 Bow Saw
45:56 Ballistics
57:42 Heavy Plow
Connection lost

Rejoining the realm…

Still unreachable

The connection could not be restored.

Session expired

The server has moved on; the page needs a fresh start.